 Dungeon Crawl Stone Soup version 0.29.0-4-gdea44cf6ec (webtiles) character file.

Game seed: 2099448223160786911

47 qw the Chopper (level 3, 0/21 HPs)
             Began as a Tengu Warper on Aug 28, 2022.
             Killed from afar by Terence (9 damage)
             ... with a puff of flame
             ... on level 2 of the Dungeon.
             The game lasted 00:00:09 (1826 turns).

qw the Chopper (Tengu Warper)                       Turns: 1826, Time: 00:00:10

Health: 0/21       AC:  7    Str: 13    XL:     3   Next: 70%
Magic:  7/7        EV:  9    Int: 13    God:
Gold:   16         SH:  0    Dex: 13    Spells: 6/6 levels left

rFire   . . .      SeeInvis .   Y - +0 hand axe
rCold   . . .      Faith    .   (no shield)
rNeg    . . .      Spirit   .   h - +0 scale mail
rPois   .          Reflect  .   (helmet restricted)
rElec   .          Harm     .   i - +0 cloak
rCorr   .          Rampage  .   (no gloves)
Will    .....                   (boots unavailable)
Stlth   ..........              (no amulet)
HPRegen 0.07/turn               (no ring)
MPRegen 0.10/turn               (no ring)

@: no status effects
A: beak, talons 3
a: no special abilities


You were on level 2 of the Dungeon.
You visited 1 branch of the dungeon, and saw 2 of its levels.

You collected 70 gold pieces.
You spent 54 gold pieces at shops.


Innate Abilities, Weirdness & Mutations

You have a beak for a mouth.
You have claws for feet.


   Skills:
 - Level 2.0 Fighting
 + Level 4.3 Axes
 - Level 1.0 Throwing
 - Level 1.1 Armour
 - Level 2.1 Dodging
 - Level 2.0 Spellcasting
 - Level 2.4 Translocations


You had 6 spell levels left.
You didn't know any spells.
Your spell library contained the following spells:

 Spells                   Type           Power      Damage    Failure   Level
 Blink                    Tloc           14%        N/A       56%         2
 Gell's Gravitas          Tloc           7%         N/A       80%         3
 Lesser Beckoning         Tloc           7%         N/A       80%         3
 Teleport Other           Tloc           7%         N/A       80%         3
 Manifold Assault         Tloc           7%         N/A       100%        5

Inventory:

Hand Weapons
 g - a +0 club
 Y - a +0 hand axe (weapon)
Armour
 h - a +0 scale mail (worn)
 i - a +0 cloak (worn)
Jewellery
 b - an amulet of regeneration
 f - a ring of fire
Scrolls
 a - a scroll of summoning {unknown}
 c - a scroll of identify
Potions
 e - a potion of might
 j - a potion of ambrosia {unknown}

Dungeon Overview and Level Annotations

Branches:
Dungeon (2/15)

Altars:

Shops:
D:1 [!

Annotations:
D:2 Terence


Message History

The goblin hits you but does no damage.
You hit the goblin.
You kill the goblin!
Things that are here:
a +0 club; a goblin corpse; a hobgoblin corpse
Found a stone staircase leading down.
c - a scroll of identify
There is an open door here.
There is a stone staircase leading down here.
Found a stone staircase leading down.
f - a ring of fire Terence the Incautious comes into view.
He is wielding a +2 trident of protection and carrying a wand of flame (31).
Terence shouts!
Terence hits you with a +2 trident of protection.
You hit Terence. You claw Terence, but do no damage.
Terence is moderately wounded.
Terence barely misses you.
You closely miss Terence. Your peck misses Terence.
Terence is moderately wounded.
Terence zaps a wand.
The puff of flame hits you.
You hit Terence but do no damage. You claw Terence, but do no damage.
Terence is moderately wounded.
Terence drinks a potion.
Terence seems to speed up.
You closely miss Terence. You claw Terence, but do no damage.
Terence is moderately wounded.
Terence barely misses you.
You hit Terence but do no damage. Your kick misses Terence. You peck Terence.
Terence is heavily wounded.
Terence hits you with a +2 trident of protection. x2
1824 ||| DRINKING potion of heal wounds.
You feel much better. Terence closely misses you.
Terence zaps a wand.
The puff of flame hits you!
Ouch! That really hurt!
You completely miss Terence. You peck Terence, but do no damage.
Terence is heavily wounded.
Terence closely misses you.
You closely miss Terence.
Terence is heavily wounded.
Terence barely misses you.
Terence zaps a wand.
The puff of flame hits you!
You die...

......## ##.##.##
##.#.## ## .....##
#......# #..### #
#...## #.###..#
#.## ##### ##'##
#.# #..# #.# #....
#># #.###..# #.#
#.### #.# #.#....#
##.#####.### ##.##
#.#.##.#
#...........
#...## #.#.##@#
##.#####....
.....### #.#.##@#
### #..## .......#
#......# #....
##.###.######.####
##.## ###
#........# #.##
########## #.##
#... ####


You could see Terence (fast).

Vanquished Creatures
  An adder (D:2)
  A worm (D:2)
  A dart slug (D:2)
  3 endoplasms
  2 giant cockroaches (D:1)
  2 goblins (D:2)
  3 hobgoblins
  2 quokkas (D:1)
  8 ball pythons
  4 bats
  A frilled lizard (D:2)
  A kobold (D:1)
  5 rats (D:1)
34 creatures vanquished.

Vanquished Creatures (others)
  A plant (D:2)
1 creature vanquished.

Grand Total: 35 creatures vanquished

Notes
Turn   | Place    | Note
-------+----------+-------------------------------------------
     0 | D:1      | qw the Tengu Warper began the quest for the Orb.
     0 | D:1      | Reached XP level 1. HP: 12/12 MP: 4/4
     0 | D:1      | 0 ||| qw: Version: 0.1-a-89-g26bdef1
     0 | D:1      | 0 ||| qw: Game counter: 2968
     0 | D:1      | 0 ||| qw: Always use a shield: true
     0 | D:1      | 0 ||| qw: God list: Okawaru
     0 | D:1      | 0 ||| qw: Allow faded altars: false
     0 | D:1      | 0 ||| qw: Do Orc after D:15 true
     0 | D:1      | 0 ||| qw: Do second Lair branch before Depths: true
     0 | D:1      | 0 ||| qw: Lair rune preference: random
     0 | D:1      | 0 ||| qw: Plans: Normal
     0 | D:1      | 0 ||| PLANNING D:1-11
    23 | D:1      | Found Roptut's Distillery.
    32 | D:1      | 32 ||| SHOPLISTING potion of heal wounds (55 gold, have 8).
    32 | D:1      | 32 ||| SHOPLISTING potion of might (44 gold, have 8).
    32 | D:1      | 32 ||| SHOPLISTING potion of mutation (88 gold, have 8).
   157 | D:1      | Reached XP level 2. HP: 17/17 MP: 6/6
   195 | D:1      | Reached skill level 3 in Axes
   769 | D:1      | 769 ||| Stepping ~*~*~tactically~*~*~ (stealth).
   967 | D:1      | Found Uskyod's Armour Shoppe.
   975 | D:1      | 975 ||| BUYING +0 cloak (54 gold).
   975 | D:1      | Bought a +0 cloak for 54 gold pieces
   975 | D:1      | 975 ||| SHOPLISTING +0 pair of gloves (54 gold, have 10).
  1230 | D:1      | 1230 ||| UPGRADING to +0 scale mail.
  1240 | D:1      | 1240 ||| DROPPING +0 leather armour.
  1241 | D:1      | 1241 ||| UPGRADING to +0 cloak.
  1246 | D:1      | 1246 ||| READING scroll labelled GYUMEM DOINIAHOHA.
  1247 | D:1      | 1247 ||| DRINKING 2 yellow potions.
  1248 | D:1      | 1248 ||| DRINKING 2 viscous yellow potions.
  1249 | D:1      | 1249 ||| DROPPING scroll of blinking.
  1299 | D:2      | Reached XP level 3. HP: 21/21 MP: 7/7
  1412 | D:2      | Reached skill level 4 in Axes
  1817 | D:2      | Noticed Terence
  1823 | D:2      | HP: 2/21 [Terence/+2 trident of protection (6)]
  1824 | D:2      | 1824 ||| DRINKING potion of heal wounds.
  1826 | D:2      | Killed from afar by Terence

Levels and vault maps discovered:
D:1:      beargit_arrival_diablo_church, layout_basic, serial_shops, shop, shop,
          moated_statue, minmay_pentomino_r4
D:2:      minmay_spotlight, layout_loops_corners, serial_bayou_pond_b,
          minmay_misc_feat_rows, minivault_24, kennysheep_generic_room_12,
          uniq_terence, uniq_crazy_yiuf_cottage, uniq_sigmund

Skill      XL: |  1  2  3 |
---------------+----------+-----
Axes           | 3 4 |  4.3
Fighting       | |  2.0
Throwing       | |  1.0
Armour         | |  1.1
Dodging        | |  2.1
Spellcasting   | |  2.0
Translocations | |  2.4

Action                   || total
-------------------------++-------
Melee: Hand axe          ||    83
       Kick              ||    21
       Peck              ||     7
       Punch             ||     1
Throw: Boomerang         ||     7
  Use: Potion            ||     3
       Scroll            ||     1
Armor: Leather armour    ||     8
       Scale mail        ||     8
Dodge: Dodged            ||    39

Table legend:
 A = Non-vault XP
 B = Vault XP
 C = Vault XP percentage of total XP
 D = Non-vault monster count
 E = Vault monster count
 F = Vault count percentage of total count
                 A         B        C        D         E       F
            +---------+---------+-------+---------+---------+-------
      Total |      63 |       5 |   7.4 |      30 |       4 |  11.8
            +---------+---------+-------+---------+---------+-------
        D:1 |      31 |       2 |   6.1 |      21 |       2 |   8.7
        D:2 |      32 |       3 |   8.6 |       9 |       2 |  18.2
            +---------+---------+-------+---------+---------+-------
